Map: Eternal Empire LE

Players

Ratl - Winner!

  • Race: Protoss Protoss
  • League: Silver
  • Spawn Location: 7:00

VOD

Have the link to the VOD?

Description

Time

  • Played on: Jan. 12, 2020, 1:33 p.m.
  • Length: 17:59
Show
View Real Time Build Order
Export as new Build Order

Ratl Protoss - Winner!

Build Orders:  

Get SALT Encoding   

  12  0:05  Probe (Chrono Boost)  
  14  0:20  Probe (Chrono Boost)  
  14  0:27  Pylon  
  14  0:31  Probe (Chrono Boost)  
  15  0:51  Probe (Chrono Boost)  
  16  1:01  Gateway  
  16  1:08  Probe (Chrono Boost)  
  17  1:20  Assimilator  
  17  1:25  Probe (Chrono Boost)  
  18  1:39  Gateway  
  18  1:42  Probe (Chrono Boost)  
  19  1:50  Assimilator  
  19  1:59  Probe (Chrono Boost)  
  20  2:04  Pylon  
  20  2:16  Probe (Chrono Boost)  
  21  2:25  Cybernetics Core  
  21  2:33  Probe (Chrono Boost)  
  23  2:50  Probe (Chrono Boost)  
  23  3:06  Probe (Chrono Boost)  
  24  3:15  Stalker x2  
  28  3:21  Probe  
  28  3:29  Pylon  
  29  3:38  Probe  
  30  3:55  Probe  
  31  4:04  Robotics Facility  
  31  4:24  Probe  
  31  4:29  Stalker x2  
  36  4:31  Warp Gate (Chrono Boost)  
  36  4:41  Probe  
  37  5:06  Nexus  
  37  5:24  Probe  
  37  5:29  Observer  
  39  5:48  Robotics Bay  
  39  5:51  Pylon  
  39  5:53  Pylon  
  39  5:59  Pylon  
  39  6:16  Probe  
  40  6:24  Pylon  
  40  6:26  Gateway  
  40  6:28  Gateway  
  40  6:33  Probe  
  41  6:50  Probe  
  41  6:51  Shield Battery  
  41  6:58  Assimilator  
  41  6:59  Assimilator  
  42  7:05  Probe  
  42  7:06  Shield Battery  
  42  7:07  Probe  
  44  7:13  Immortal  
  48  7:22  Probe  
  49  7:30  Pylon  
  49  7:37  Probe  
  49  7:39  Probe  
  51  7:54  Probe  
  51  7:56  Stalker  
  54  8:27  Forge  
  54  8:29  Forge  
  54  8:33  Extended Thermal Lance  
  54  8:35  Probe  
  54  8:36  Probe  
  56  8:44  Immortal  
  60  8:52  Probe  
  60  8:53  Probe  
  60  8:56  Stalker x2  
  66  9:09  Probe  
  56  9:10  Probe  
  66  9:48  Stalker x3  
  66  9:49  Stalker  
  62  10:23  Immortal  
  62  10:24  Protoss Ground Weapons Level 1 (Chrono Boost), Protoss Ground Armor Level 1 (Chrono Boost)  
  62  10:27  Observer  
  64  11:04  Warp Prism  
  64  11:11  Stalker x4  
  64  11:19  Probe x2  
  76  11:36  Probe x2  
  78  11:55  Stalker x3  
  78  11:56  Stalker  
  78  11:57  Nexus  
  78  11:59  Assimilator  
  86  12:01  Pylon  
  86  12:04  Pylon, Assimilator  
  86  12:07  Colossus  
  86  12:09  Pylon  
  92  12:20  Probe x2  
  92  12:22  Twilight Council  
  94  12:31  Stalker  
  94  12:32  Stalker x2  
  94  12:37  Probe x2  
  94  12:38  Stalker  
  104  13:10  Probe x2  
  106  13:21  Stalker  
  106  13:22  Stalker x3  
  106  13:27  Probe x2  
  116  13:45  Colossus (Chrono Boost)  
  116  13:58  Protoss Ground Armor Level 2 (Chrono Boost)  
  116  13:59  Protoss Ground Weapons Level 2 (Chrono Boost)  
  122  14:18  Stalker  
  122  14:19  Stalker x3  
  128  15:07  Pylon  
  128  15:08  Pylon  
  128  15:25  Pylon  
  128  15:30  Pylon  
  128  15:32  Probe x3  
  128  15:35  Pylon x2  
  131  15:48  Stalker x2  
  131  15:49  Probe, Stalker x2  
  140  16:01  Blink  
  134  16:22  Zealot x3  
  134  16:23  Zealot  
  136  16:56  Gateway  
  136  16:59  Gateway  
  136  17:00  Dark Shrine  
  136  17:02  Gateway  
  136  17:05  Gateway  
  136  17:18  Zealot  
  136  17:19  Zealot x3  
Tags
 
Add a new tag
Caveats
  • Supply blocks, unpowered buildings, or Contaminate may cause inaccurate times.
  • Supply counts are checked every 10 seconds.